 Dungeon Crawl Stone Soup version 0.30-a0-883-g5ad918d77d (webtiles) character file.

Game seed: 11666927071089803522

1 Pimp the Caller (level 1, 0/13 HPs)
             Began as a Demonspawn Wanderer on Mar 16, 2023.
             Slain by a jackal (2 damage)
             ... on level 1 of the Dungeon.
             The game lasted 00:00:37 (132 turns).

Pimp the Caller (Demonspawn Wanderer)                Turns: 132, Time: 00:00:38

Health: 0/13       AC:  3    Str: 13    XL:     1   Next: 16%
Magic:  0/2        EV: 11    Int: 11    God:
Gold:   0          SH:  0    Dex: 13    Spells: 1/2 levels left

rFire   . . .      SeeInvis .    a - +0 dagger
rCold   . . .      Faith    .    (no shield)
rNeg    . . .      Spirit   .    d - +0 leather armour
rPois   .          Reflect  .    (no helmet)
rElec   .          Rampage  .    (no cloak)
rCorr   .                        (no gloves)
Will    .....                    (no boots)
Stlth   +                        (no amulet)
HPRegen 0.22/turn                (no ring)
MPRegen 0.08/turn                (no ring)

@: no status effects
A: no striking features
a: no special abilities


You were on level 1 of the Dungeon.
You visited 1 branch of the dungeon, and saw 1 of its levels.

Inventory:

Hand Weapons
 a - a +0 dagger (weapon)
Missiles
 b - 8 boomerangs (quivered)
Armour
 d - a +0 leather armour (worn)
Scrolls
 c - a scroll of fear
Potions
 e - a potion of brilliance {unknown}


   Skills:
 + Level 0.0 Fighting
 + Level 0.0 Short Blades
 + Level 1.0 Throwing
 + Level 1.8 Armour
 + Level 0.0 Dodging
 + Level 1.0 Spellcasting
 + Level 3.0 Summonings
 + Level 1.7 Translocations
 + Level 1.2 Invocations


You had one spell level left.
You knew the following spells:

 Your Spells              Type           Power      Damage    Failure   Level
a - Summon Small Mammal   Summ           28%        N/A       12%         1

Your spell library contained the following spells:

 Spells                   Type           Power      Damage    Failure   Level
 Apportation              Tloc           8%         N/A       21%         1
 Call Canine Familiar     Summ           7%         N/A       34%         3
 Kindle Blastsparks       Fire/Tloc/Air  2%         2d10      67%         3
 Animate Armour           Summ/Erth      6%         N/A       91%         4


Dungeon Overview and Level Annotations

Branches:
Dungeon (1/15)

Altars:


Message History

Unknown command.
Casting: Summon Small Mammal (safe; 12% risk of failure)
Confirm with . or Enter, or press ? or * to list all spells.
A jackal comes into view.
The jackal bites your rat.
Your rat dies!
Your rat's corpse disappears in a puff of smoke!
Your rat bites the jackal.
Casting: Summon Small Mammal (safe; 12% risk of failure)
Confirm with . or Enter, or press ? or * to list all spells.
You don't have enough magic to cast this spell.
Your rat closely misses the jackal.
Unknown command.
Casting: Summon Small Mammal (safe; 12% risk of failure)
Confirm with . or Enter, or press ? or * to list all spells.
You don't have enough magic to cast this spell.
You hit the jackal but do no damage. The jackal bites you. x2
The jackal bites your rat.
Your rat dies!
Your rat's corpse disappears in a puff of smoke!
A kobold comes into view. It is wielding a +0 dagger.
The jackal attacks as you move away! The jackal barely misses you.
The jackal attacks as you move away! The jackal bites you.
You hit the jackal.
The jackal is severely wounded.
The jackal barely misses you. x2
You hit the jackal but do no damage.
The jackal is severely wounded.
The jackal bites you. x3
* * * LOW HITPOINT WARNING * * *
The jackal barely misses you.
You hit the jackal.
The jackal is almost dead.
The jackal barely misses you.
The jackal bites you but does no damage.
Unknown command.
You hit the jackal but do no damage.
The jackal is almost dead.
The jackal bites you.
You die...

#######
#.# #.#
#.## #..#
##.## #..#
##.# #.##
#h@#
.######h##
K..h..hhB#
.......h.#
.........#
.(.......#
.........#
.........#
.#####..?#


You could see 5 jackals and a giant cockroach.

Vanquished Creatures
  A hobgoblin (D:1)
1 creature vanquished.

Notes
Turn   | Place    | Note
-------+----------+-------------------------------------------
     0 | D:1      | Pimp the Demonspawn Wanderer began the quest for the Orb.
     0 | D:1      | Pimp set off with the following items: a +0 dagger, 8
                  | boomerangs, a scroll of fear, a +0 leather armour; and the
                  | following spells available to memorise: Summon Small
                  | Mammal, Apportation, Call Canine Familiar, Kindle
                  | Blastsparks, Animate Armour.
     0 | D:1      | Reached XP level 1. HP: 13/13 MP: 2/2
    16 | D:1      | Learned a level 1 spell: Summon Small Mammal
   132 | D:1      | Slain by a jackal

Illustrated notes

Levels and vault maps discovered:
D:1:      dpeg_arrival_renting, layout_rooms, minmay_tree_intersection,
          minivault_19

Action                     || total
---------------------------++-------
  Melee: Dagger            ||    13
   Cast: Summon Small Mamm ||     2
 Armour: Leather armour    ||     2
  Dodge: Dodged            ||     9

Table legend: (Time is in decaauts)
 A = Elapsed time spent in this place.
 B = Non-inter-level travel time spent in this place.
 C = Inter-level travel time spent in this place.
 D = Time resting spent in this place.
 E = Time spent auto-exploring this place.
 F = Levels seen in this place.
 G = Mean time per level.
                   A        B        C        D        E       F      G
               +--------+--------+--------+--------+--------+-----+--------+
         Total |    132 |    132 |      0 |     22 |     84 |   1 |  132.0 |
       Dungeon |    132 |    132 |      0 |     22 |     84 |   1 |  132.0 |
               +--------+--------+--------+--------+--------+-----+--------+

Top non-repeatable levels by time:
     D:1: 132 daAuts
